AoeStats
← Hector

Black Forest

506200472Analyzed
3v3 RM · 20d ago on Sep 12, 2026· 45m 32s· 6 players
Game mode
Random Map
Map size
Normal (6 player)
Population
200
Speed
Normal
Resources
Standard
Victory
Conquest
Starting age
Dark Age
Ending age
Imperial Age
RankedLock teamsTeams togetherTeam positionsShared explorationLock speedFull tech treeHidden civsTurbo modeCheats
Victory
Defeat
🇦🇹 Celts · Austria
1444
+13
🇮🇱 Huns · Israel
1427
+13
🇭🇺 Spanish · Hungary
1408
+14
🇨🇴 Bengalis · Colombia
1486
-18
🇨🇱 Poles · Chile
1332
-12
🇨🇴 Magyars · Colombia
1292
-10
Wavelogic
0:43 Loom
12:45 Feudal Age
13:27 Double-Bit Axe
20:26 Castle Age
18:55 Fishing Lines
21:19 Bow Saw
21:37 Bow Saw
25:32 Gillnets
26:39 Scale Barding Armor
26:32 Gold Mining
26:32 Stone Mining
27:23 Wheelbarrow
26:33 Town Watch
29:54 Imperial Age
28:32 Forging
29:03 Gold Shaft Mining
30:05 Chain Barding Armor
31:27 Plate Barding Armor
32:21 Hand Cart
32:51 Horse Collar
33:52 Conscription
33:47 Cavalier
35:41 Bloodlines
37:07 Iron Casting
37:48 Two-Man Saw
37:13 Fletching
37:40 Heavy Plow
38:27 Caravan
38:39 Bodkin Arrow
39:31 Heavy Cavalry Archer
40:24 Bracer
40:25 Padded Archer Armor
41:05 Thumb Ring
41:46 Ballistics
41:59 Parthian Tactics
42:50 Husbandry
43:06 Leather Archer Armor
43:57 Chemistry
Hector
12:15 Feudal Age
13:13 Double-Bit Axe
16:03 Castle Age
14:21 Double-Bit Axe
15:31 Fishing Lines
17:12 Bow Saw
17:27 Gillnets
19:13 Horse Collar
21:16 Heavy Plow
30:10 Imperial Age
28:16 Wheelbarrow
27:27 Loom
27:44 Scale Mail Armor
27:54 Forging
27:49 Gold Mining
29:05 Coinage
28:57 Devotion
28:59 Devotion
29:32 Chain Mail Armor
29:52 Iron Casting
29:25 Arson
29:00 Pikeman
30:18 Town Watch
30:49 Hand Cart
30:19 Onager
31:25 Conscription
31:39 Plate Mail Armor
31:09 Capped Ram
31:53 Siege Ram
32:01 Halberdier
33:20 Banking
33:42 Stone Mining
34:29 Faith
34:33 Furor Celtica
35:50 Iron Casting
35:22 Siege Engineers
36:17 Chemistry
36:51 Caravan
37:03 Guilds
38:22 Blast Furnace
37:04 Treadmill Crane
37:35 Masonry
38:01 Town Patrol
37:53 Elite Woad Raider
42:51 Gold Shaft Mining
42:51 Stone Shaft Mining
Bl++d
0:43 Loom
12:04 Feudal Age
19:25 Castle Age
17:50 Double-Bit Axe
33:07 Fishing Lines
34:42 Horse Collar
41:04 Wheelbarrow
40:41 Heavy Plow
40:59 Gillnets
44:27 Imperial Age
43:05 Hand Cart
44:42 Padded Archer Armor
45:28 Bow Saw
45:14 Fletching
45:41 Leather Archer Armor
44:48 Elite Conquistador
45:50 Conscription
ELEG | KYNBA
3:02 Loom
10:20 Feudal Age
10:24 Man-at-Arms
14:54 Double-Bit Axe
15:38 Horse Collar
18:14 Town Watch
21:31 Castle Age
20:09 Stone Mining
20:15 Gold Mining
22:33 Bow Saw
25:23 Wheelbarrow
26:10 Heavy Plow
28:19 Gold Shaft Mining
34:21 Imperial Age
32:08 Hand Cart
32:03 Scale Barding Armor
33:45 Chain Barding Armor
33:37 Bloodlines
33:28 Husbandry
36:07 Plate Barding Armor
35:29 Fletching
35:39 Cavalier
40:43 Conscription
42:15 Conscription
41:47 Paladin
ELEG | Lucho
1:08 Loom
11:03 Feudal Age
14:49 Castle Age
13:25 Double-Bit Axe
16:03 Bow Saw
19:19 Sanctity
20:18 Fervor
20:25 Redemption
23:59 Fervor
31:53 Imperial Age
29:35 Fletching
29:41 Town Watch
30:53 Bodkin Arrow
31:59 Wheelbarrow
31:28 Horse Collar
32:35 Bracer
32:53 Padded Archer Armor
32:48 Gold Mining
32:48 Stone Mining
33:18 Elite Elephant Archer
34:48 Hand Cart
35:02 Leather Archer Armor
37:38 Ring Archer Armor
37:31 Bloodlines
39:37 Scale Barding Armor
39:35 Husbandry
40:55 Chemistry
40:16 Ballistics
40:58 Chemistry
40:46 Chain Barding Armor
40:36 Forging
AiM | HolaRigbi2025
1:39 Loom
20:14 Feudal Age
24:01 Castle Age
22:15 Double-Bit Axe
22:12 Horse Collar
25:35 Bow Saw
26:00 Heavy Plow
27:11 Wheelbarrow
29:05 Town Watch
29:21 Fletching
30:29 Gold Mining
33:53 Imperial Age
32:52 Hand Cart
33:11 Stone Mining
35:41 Chemistry
34:48 Siege Engineers
Connection lost

Rejoining the realm…

Still unreachable

The connection could not be restored.

Session expired

The server has moved on; the page needs a fresh start.